 Dungeon Crawl Stone Soup version 0.21.1-1-g345015f (webtiles) character file.

3849 Jawreze the Destroyer (level 9, -2/71 HPs)
             Began as a Pale Draconian Conjurer on May 29, 2018.
             Was a Believer of Hepliaklqana.
             Slain by a wolf (5 damage)
             ... led by Grum
             ... on level 8 of the Dungeon.
             The game lasted 00:23:36 (7502 turns).

Jawreze the Destroyer (Pale Draconian Conjurer)     Turns: 7502, Time: 00:23:36

Health: -2/71      AC:  7    Str: 11    XL:     9   Next: 98%
Magic:  4/16       EV: 12    Int: 24    God:    Hepliaklqana [**....]
Gold:   209        SH:  0    Dex:  8    Spells: 2/17 levels left

rFire    . . .     SeeInvis +   r - +2 mace (protect)
rCold    . . .     Gourm    .   (no shield)
rNeg     . . .     Faith    .   (armour unavailable)
rPois    +         Spirit   .   (helmet restricted)
rElec    .         Reflect  .   (no cloak)
rCorr    .         Harm     .   (no gloves)
MR       +....                  (no boots)
Stlth    ++........             (no amulet)
HPRegen  0.21/turn              I - ring "Dios" {rPois MR+ Int+5 Dex-3}
MPRegen  0.15/turn              w - ring of see invisible

@: no status effects
A: breathe steam, unfitting armour, reduced essence, cold-blooded, AC +7
a: Breathe Steam, Recall Ancestor, Ancestor Identity, Renounce Religion


You were on level 8 of the Dungeon.
You worshipped Hepliaklqana.
Hepliaklqana was pleased with you.
You were not hungry.

You visited 1 branch of the dungeon, and saw 8 of its levels.

You collected 344 gold pieces.
You spent 135 gold pieces at shops.

Inventory:

Hand Weapons
 d - a +0 dagger
 j - a +0 mace
 k - a +0 whip
 r - a +2 mace of protection (weapon)
 E - the +4 spear "Vehog" {elec, *Noise rC+ rN+}
   (You found it on level 6 of the Dungeon)

   Occasionally, upon striking a foe, it will discharge some electrical energy
   and cause terrible harm.
   It protects you from cold.
   It protects you from negative energy.
   It may make noises in combat.
 H - a +1 trident of flaming
Missiles
 l - 14 tomahawks (quivered)
Armour
 B - a +0 shield
Jewellery
 s - an uncursed ring of teleportation
 w - a ring of see invisible (right hand)
 y - an uncursed ring of stealth {unknown}
 A - an uncursed amulet of the gourmand {unknown}
 D - an uncursed ring of poison resistance {unknown}
 I - the ring "Dios" (left hand) {rPois MR+ Int+5 Dex-3}
   (You bought it in a shop on level 7 of the Dungeon)

   [ring of poison resistance]

   It affects your intelligence (+5).
   It affects your dexterity (-3).
   It protects you from poison.
   It affects your resistance to hostile enchantments.
Wands
 z - a wand of digging (12)
 L - a wand of enslavement (8)
Scrolls
 c - 5 scrolls of remove curse
 e - 4 scrolls of fog
 f - 13 scrolls of identify
 h - 3 scrolls of amnesia {unknown}
 i - 3 scrolls of enchant weapon {unknown}
 n - 3 scrolls of teleportation
 p - 2 scrolls of random uselessness {unknown}
 t - 4 scrolls of magic mapping {unknown}
 v - 2 scrolls of enchant armour {unknown}
 x - a scroll of blinking {unknown}
 F - a scroll of fear {unknown}
Potions
 g - 3 potions of brilliance
 o - 3 potions of cancellation {unknown}
 q - a potion of heal wounds
 u - a potion of flight {unknown}
 C - 3 potions of might {unknown}
 G - a potion of mutation {unknown}
Books
 a - a book of Conjurations

   Spells                             Type                      Level
   a - Magic Dart                     Conjuration                  1
   b - Searing Ray                    Conjuration                  2
   c - Dazzling Spray                 Conjuration/Hexes            3
   d - Fulminant Prism                Conjuration/Hexes            4
   e - Force Lance                    Conjuration/Translocation    4
   f - Iskenderun's Mystic Blast      Conjuration                  4
 K - a book of Frost

   Spells                             Type                      Level
   a - Freeze                         Ice                          1
   b - Throw Frost                    Conjuration/Ice              2
   c - Ozocubu's Armour               Charms/Ice                   3
   d - Throw Icicle                   Conjuration/Ice              4
   e - Summon Ice Beast               Ice/Summoning                4
Comestibles
 b - 20 rations
 J - 2 chunks of flesh


   Skills:
 + Level 7.5 Fighting
 * Level 7.0 Maces & Flails
 - Level 1.7 Dodging
 - Level 1.7 Stealth
 - Level 4.7 Spellcasting
 - Level 8.6 Conjurations
 + Level 3.4 Summonings
 + Level 3.3 Ice Magic


You had 2 spell levels left.
You knew the following spells:

 Your Spells              Type           Power        Failure   Level  Hunger
a - Magic Dart            Conj           ####         1%          1    None
b - Searing Ray           Conj           #####.       1%          2    None
c - Iskenderun's Mystic   Conj           #####...     2%          4    ####...
d - Fulminant Prism       Conj/Hex       ####......   16%         4    ####...
e - Summon Ice Beast      Ice/Summ       ###.....     22%         4    ####...


Dungeon Overview and Level Annotations

Branches:
Dungeon (8/15)             Temple (0/1) D:7
   Lair: D:8-11

Altars:
Hepliaklqana
Makhleb
Qazlal
Trog
Uskayaw
Xom

Shops:
D:7 *


Innate Abilities, Weirdness & Mutations

You can breathe blasts of scalding, opaque steam.
Your pale cyan-grey scales are hard. (AC +7)
You cannot fit into any form of body armour.
You are cold-blooded and may be slowed by cold attacks.
Your life essence is reduced to manifest your ancestor. (-10% HP)


Message History

Aim: a wolf The orb of energy hits the wolf.
The wolf is moderately wounded.
The wolf bites you.
* * * LOW HITPOINT WARNING * * *
Casting: Iskenderun's Mystic Blast
Confirm with . or Enter, or press ? or * to list all spells.
Aiming: Iskenderun's Mystic Blast
Press: ? - help, Shift-Dir - straight line, f/p - wolf
Aim: a wolf (moderately wounded)
The orb of energy misses the wolf.
The orb of energy explodes!
The wolf bites you!
* * * LOW HITPOINT WARNING * * *
Casting: Iskenderun's Mystic Blast
Confirm with . or Enter, or press ? or * to list all spells.
Aiming: Iskenderun's Mystic Blast
Press: ? - help, Shift-Dir - straight line, f/p - wolf
Aim: a wolf (moderately wounded)
The orb of energy misses the wolf.
The wolf bites you.
You die...

... #.# .#. #h#
#.# #.# #)# #.#
#.# #.# #.# #.#
#h# #.###[# #.#
#$....#######.#
#......@h.#
#.#########
...# #####


You could see a wolf.

Vanquished Creatures
  A two-headed ogre (D:7)
  The ghost of Zeloya the Covert, a novice FeWn of Vehumet (D:7)
  Menkaure (D:5)
  A water moccasin (D:6)
  An orc warrior (D:7)
  An ice beast (D:6)
  An ogre (D:4)
  A centaur (D:6)
  A scorpion (D:6)
  3 killer bees (D:8)
  A bullfrog zombie (D:6)
  2 crimson imps
  A jelly (D:5)
  A centaur skeleton (D:4)
  A hound (D:6)
  A gnoll shaman (D:4)
  An orc priest (D:7)
  2 orc wizards
  An iguana (D:5)
  3 worker ants
  A battlemage (D:7)
  10 gnolls
  12 adders
  An ooze (D:2)
  An adder skeleton (D:7)
  3 worms
  3 leopard geckos
  19 orcs
  3 ball pythons
  2 bats
  A giant cockroach (D:4)
  4 goblins
  8 hobgoblins
  6 jackals
  8 kobolds
  6 quokkas
  8 frilled lizards
  6 rats
128 creatures vanquished.

Vanquished Creatures (collateral kills)
  The ghost of AdmiralAndromeda the Ruffian, an amateur VSTm (D:4)
  Grum (D:8)
  2 orc warriors
  2 necrophages
  An ogre (D:6)
  A crocodile (D:7)
  A centaur (D:7)
  A big kobold (D:7)
  3 killer bees (D:8)
  A scorpion (D:5)
  A howler monkey (D:5)
  2 hounds
  2 orc priests
  A jelly (D:6)
  A worker ant (D:7)
  A hound skeleton (D:7)
  2 worker ant zombies
  2 adders
  2 gnolls
  A howler monkey skeleton (D:4)
  A worm (D:2)
  7 orcs
  A goblin (D:3)
  A hobgoblin (D:3)
  4 kobolds (D:7)
  A bat (D:3)
44 creatures vanquished.

Vanquished Creatures (others)
  2 battlemagi (D:8)
  3 ancestors
  3 fulminant prisms
8 creatures vanquished.

Grand Total: 180 creatures vanquished

Notes
Turn   | Place    | Note
-------+----------+-------------------------------------------
     0 | D:1      | Jawreze the Draconian Conjurer began the quest for the Orb.
     0 | D:1      | Reached XP level 1. HP: 14/14 MP: 3/3
   417 | D:1      | Reached XP level 2. HP: 22/22 MP: 1/5
   421 | D:1      | Learned a level 2 spell: Searing Ray
   790 | D:1      | Reached skill level 1 in Fighting
  1036 | D:2      | Reached XP level 3. HP: 28/28 MP: 3/6
  1399 | D:2      | Reached XP level 4. HP: 36/36 MP: 1/7
  1532 | D:2      | Found a hazy altar of Hepliaklqana.
  1535 | D:2      | Became a worshipper of Hepliaklqana the Forgotten
  1658 | D:3      | Reached skill level 5 in Conjurations
  2183 | D:3      | Reached XP level 5. HP: 24/37 MP: 3/9
  2840 | D:3      | Found a stormy altar of Qazlal.
  2841 | D:3      | Noticed an air elemental
  2844 | D:3      | Noticed a fire elemental
  2844 | D:3      | Noticed a water elemental
  2870 | D:3      | Reached * piety under Hepliaklqana
  2983 | D:4      | Reached XP level 6. HP: 37/45 MP: 7/11
  3034 | D:4      | Reached skill level 6 in Conjurations
  3213 | D:4      | Noticed AdmiralAndromeda's ghost (amateur VSTm)
  3223 | D:4      | Killed AdmiralAndromeda's ghost
  3485 | D:4      | Your scales start taking on a pale cyan-grey colour.
  3485 | D:4      | Reached XP level 7. HP: 52/52 MP: 6/12
  3663 | D:4      | Reached skill level 7 in Conjurations
  4166 | D:5      | Entered Level 5 of the Dungeon
  4444 | D:5      | Noticed Menkaure
  4465 | D:5      | Learned a level 4 spell: Iskenderun's Mystic Blast
  4467 | D:5      | Killed Menkaure
  4467 | D:5      | Reached skill level 5 in Fighting
  4467 | D:5      | Reached XP level 8. HP: 58/61 MP: 5/15
  4543 | D:5      | Learned a level 4 spell: Fulminant Prism
  4599 | D:5      | Found a hide-covered altar of Uskayaw.
  4878 | D:4      | Found a shimmering altar of Xom.
  5035 | D:6      | Reached skill level 1 in Maces & Flails
  5035 | D:6      | Reached skill level 8 in Conjurations
  5442 | D:6      | Found a bloodstained altar of Trog.
  5488 | D:6      | Got a slimy spear
  5489 | D:6      | Identified the +4 spear "Vehog" {elec, *Noise rC+ rN+} (You found it on level 6 of the Dungeon)
  6132 | D:7      | Reached ** piety under Hepliaklqana
  6133 | D:7      | Remembered your ancestor Servia as a battlemage
  6180 | D:7      | Found Musemp's Assorted Antiques.
  6183 | D:7      | Bought a warped granite ring for 135 gold pieces
  6183 | D:7      | Identified the ring "Dios" {rPois MR+ Int+5 Dex-3} (You bought it in a shop on level 7 of the Dungeon)
  6204 | D:7      | Reached XP level 9. HP: 40/67 MP: 4/16
  6308 | D:7      | Learned a level 4 spell: Summon Ice Beast
  6447 | D:7      | Noticed a two-headed ogre
  6452 | D:7      | Killed a two-headed ogre
  6452 | D:7      | Reached skill level 5 in Maces & Flails
  6579 | D:7      | Noticed Zeloya's ghost (novice FeWn)
  6582 | D:7      | Killed Zeloya's ghost
  6671 | D:7      | Found a staircase to the Ecumenical Temple.
  7172 | D:7      | Found a burning altar of Makhleb.
  7420 | D:8      | Noticed a queen bee
  7483 | D:8      | Noticed Grum
  7495 | D:8      | Killed Grum
  7501 | D:8      | HP: 3/71 [wolf[Grum] (10)]
  7502 | D:8      | Slain by a wolf

Skill      XL: |  1  2  3  4  5  6  7  8  9 |
---------------+----------------------------+-----
Fighting       | 1 2 3 5 6 7 |  7.5
Conjurations   | 5 6 7 8 |  8.6
Spellcasting   | 3 4 |  4.7
Maces & Flails | 4 7 |  7.0
Summonings     | 3 |  3.4
Ice Magic      | 3 |  3.3
Dodging        | |  1.7
Stealth        | |  1.7

Action                   |  1- 3 |  4- 6 |  7- 9 || total
-------------------------+-------+-------+-------++-------
Melee: Dagger            |    10 |       |       ||    10
       Tailslap          |     1 |     3 |    10 ||    14
       Whip              |    11 |    32 |       ||    43
       Mace              |       |    70 |   169 ||   239
Throw: Tomahawk          |       |     3 |       ||     3
 Cast: Magic Dart        |    67 |    90 |    91 ||   248
       Iskenderun's Myst |       |       |    22 ||    22
       Fulminant Prism   |       |       |     3 ||     3
Invok: Recall Ancestor   |       |     1 |       ||     1
       Ancestor Identity |       |     1 |       ||     1
       Ancestor Life: Ba |       |       |     1 ||     1
 Abil: Breathe Steam     |       |       |     2 ||     2
  Use: Scroll            |       |       |     4 ||     4
       Potion            |       |       |     1 ||     1
 Stab: Sleeping          |       |     1 |     1 ||     2
       Distracted        |       |       |     1 ||     1
  Eat: Chunk             |     2 |     7 |    17 ||    26
Armor: Skin              |     4 |    39 |    62 ||   105
Dodge: Dodged            |     7 |    85 |   119 ||   211
